 Dungeon Crawl Stone Soup version 0.28-b1-38-gff268fdeb9 (webtiles) character file.

Game seed: 15559656814051536413

356 Gabide the Vandal (level 6, -2/50 HPs)
             Began as a Demigod Hunter on Feb 3, 2022.
             Slain by a black bear (8 damage)
             ... on level 5 of the Dungeon.
             The game lasted 00:07:56 (4410 turns).

Gabide the Vandal (Demigod Hunter)                  Turns: 4410, Time: 00:07:57

Health: -2/50      AC:  9    Str: 21    XL:     6   Next: 13%
Magic:  8/8        EV: 12    Int: 19    God:
Gold:   128        SH:  0    Dex: 14    Spells: 5/5 levels left

rFire   . . .      SeeInvis .   a - +1 hunting sling
rCold   . . .      Faith    .   (no shield)
rNeg    + . .      Spirit   .   c - +0 leather armour
rPois   .          Reflect  .   f - +1 helmet
rElec   .          Harm     .   j - +0 cloak
rCorr   .          Rampage  .   i - +0 pair of gloves
Will    +....                   s - +1 pair of boots
Stlth   +.........              p - amulet "Puveaff" {RegenMP Will+}
HPRegen 0.16/turn               h - +6 ring of intelligence
MPRegen 0.51/turn               r - ring of positive energy

@: no status effects
A: high MP 1, forlorn, divine attributes
a: no special abilities


You were on level 5 of the Dungeon.
You visited 1 branch of the dungeon, and saw 5 of its levels.

You collected 128 gold pieces.

Inventory:

Hand Weapons
 a - a +1 hunting sling (weapon)
 b - a +0 short sword
Missiles
 d - 6 sling bullets
 m - 52 stones (quivered ammo)
Armour
 c - a +0 leather armour (worn)
 f - a +1 helmet (worn)
 i - a +0 pair of gloves (worn)
 j - a +0 cloak (worn)
 s - a +1 pair of boots (worn)
Jewellery
 h - a +6 ring of intelligence (left hand)
 k - a ring of wizardry
 p - the amulet "Puveaff" (around neck) {RegenMP Will+}
   (You found it on level 3 of the Dungeon)

   [amulet of magic regeneration]

   It increases your rate of magic regeneration.
   Will:      It increases your willpower.
 r - a ring of positive energy (right hand)
 v - a ring of willpower
Scrolls
 t - a scroll of torment {unknown}
 u - a scroll of magic mapping {unknown}
Potions
 e - a potion of flight {unknown}
 g - 2 potions of invisibility
 l - 2 potions of curing
 n - 2 potions of haste
 o - a potion of attraction {unknown}


   Skills:
 + Level 2.8 Fighting
 + Level 6.1 Slings
 + Level 1.8 Armour
 + Level 2.1 Dodging
 + Level 1.2 Stealth


You had 5 spell levels left.
You didn't know any spells.
Your spell library contained the following spells:

 Spells                   Type           Power      Damage    Failure   Level
 Conjure Flame            Conj/Fire      0%         6-21      56%         3
 Ignite Poison            Fire/Tmut/Pois 0%         N/A       56%         3
 Sticky Flame             Conj/Fire      0%         2d3       93%         4
 Summon Ice Beast         Ice/Summ       0%         N/A       93%         4
 Summon Mana Viper        Hex/Summ       0%         N/A       100%        5
 Monstrous Menagerie      Summ           0%         N/A       100%        7


Dungeon Overview and Level Annotations

Branches:
Dungeon (5/15)
 Temple: D:4-7


Innate Abilities, Weirdness & Mutations

You have an increased reservoir of magic. (+10% MP)
You shall have no god before yourself.
Your divine heritage dramatically boosts your attributes as you level up.


Message History

Aim: a black bear (almost dead, berserk, 71% to hit)
You shoot a stone. The stone barely misses the black bear.
The black bear closely misses you.
The black bear claws you but does no damage.
The black bear claws you.
Fire: 56 stones
Press: ? - help, Q - select action, (/) - cycle Shift-Dir - straight line, f/p - black bear
Aim: a black bear (almost dead, berserk, 71% to hit)
You shoot a stone. The stone barely misses the black bear.
The black bear bites you.
The black bear claws you but does no damage. x2
Fire: 55 stones
Press: ? - help, Q - select action, (/) - cycle Shift-Dir - straight line, f/p - black bear
Aim: a black bear (almost dead, berserk, 71% to hit)
You shoot a stone. The stone hits the black bear.
The black bear is almost dead.
The black bear bites you!
* * * LOW HITPOINT WARNING * * *
The black bear claws you but does no damage. x2
The black bear misses you.
The black bear claws you but does no damage.
The black bear claws you.
* * * LOW HITPOINT WARNING * * *
An orc comes into view. It is wielding a +0 mace.
Found a leather armour.
Fire: 54 stones
Press: ? - help, Q - select action, (/) - cycle Shift-Dir - straight line, f/p - black bear
Aim: a black bear (almost dead, berserk, 71% to hit)
You shoot a stone. The stone hits the black bear.
The black bear is almost dead.
The black bear barely misses you. The black bear completely misses you.
The black bear closely misses you. The black bear barely misses you. x3
Fire: 53 stones
Press: ? - help, Q - select action, (/) - cycle Shift-Dir - straight line, f/p - black bear
Aim: a black bear (almost dead, berserk, 71% to hit)
You shoot a stone.
The stone hits the black bear but does no damage.
The black bear is almost dead.
The black bear bites you!
You die...

##.. ...[
..... ...o#
.....#
###.....#
#.......#
#@##...$#
#h.......
#..((#.######
#.#(. ... ###
.### .# .# .#
.#


You could see a black bear (berserk) and an orc.

Vanquished Creatures
  An ogre (D:4)
  Blork the orc (D:4)
  A howler monkey (D:4)
  A hound (D:4)
  An iguana (D:2)
  3 adders
  An ufetubus (D:4)
  3 dart slugs
  An orc (D:4)
  3 bats
  4 endoplasms
  11 giant cockroaches
  8 goblins
  5 hobgoblins
  6 quokkas
  5 ball pythons
  4 frilled lizards
  8 kobolds
  3 rats (D:3)
70 creatures vanquished.

Notes
Turn   | Place    | Note
-------+----------+-------------------------------------------
     0 | D:1      | Gabide the Demigod Hunter began the quest for the Orb.
     0 | D:1      | Reached XP level 1. HP: 17/17 MP: 3/3
   154 | D:1      | Reached skill level 4 in Slings
   165 | D:1      | Reached XP level 2. HP: 24/24 MP: 4/4
   955 | D:2      | Reached XP level 3. HP: 22/29 MP: 5/5
  1647 | D:2      | Reached XP level 4. HP: 36/36 MP: 6/6
  1889 | D:3      | Reached skill level 1 in Armour
  1945 | D:3      | Identified the amulet "Puveaff" {RegenMP Will+}
  2004 | D:3      | Reached skill level 1 in Stealth
  2503 | D:3      | Found a glowing drain.
  2509 | D:3      | Reached skill level 5 in Slings
  3280 | D:4      | Noticed Blork the orc
  3305 | D:4      | Killed Blork the orc
  3306 | D:4      | Reached XP level 5. HP: 14/42 MP: 7/7
  3642 | D:4      | Noticed an ogre
  4005 | D:4      | Killed an ogre
  4140 | D:4      | Reached XP level 6. HP: 50/50 MP: 8/8
  4327 | D:4      | Reached skill level 6 in Slings
  4389 | D:5      | Entered Level 5 of the Dungeon
  4410 | D:5      | Slain by a black bear

Illustrated notes

Levels and vault maps discovered:
D:1:      nzn_arrival_depleted_hourglass, layout_basic,
          hellmonk_ecumenical_altar_crossroads, minmay_misc_feat_rows,
          minivault_25
D:2:      layout_loops_ring, minmay_strange_pillars
D:3:      layout_loops_ring, portal_sewer_entry_f
D:4:      layout_cave_pools, mainiacjoe_overflow_surrounded_room,
          nrook_campfire, kennysheep_nub, uniq_blork_the_orc
D:5:      minmay_opposing_rooms, layout_basic, uniq_grinder, uniq_menkaure,
          uniq_ijyb

Skill      XL: |  1  2  3  4  5  6 |
---------------+-------------------+-----
Slings         | 4 5 6 |  6.1
Fighting       | 2 |  2.8
Dodging        | 2 |  2.1
Armour         | 1 |  1.8
Stealth        | 1 |  1.2

Action                   |  1- 3 |  4- 6 || total
-------------------------+-------+-------++-------
Melee: Short sword       |       |    18 ||    18
 Fire: Hunting sling     |    92 |   191 ||   283
  Use: Scroll            |       |     5 ||     5
       Potion            |       |     2 ||     2
Armor: Leather armour    |     8 |    47 ||    55
Dodge: Dodged            |    14 |   105 ||   119
